 Dungeon Crawl Stone Soup version 0.29-a0-23-ga79f92ac9c (webtiles) character file.

Game seed: 6642127896019792283

477 lorenzova the Conjurer (level 6, 0/32 HPs)
             Began as a Deep Elf Conjurer on Jan 30, 2022.
             Slain by an orc warrior (11 damage)
             ... on level 4 of the Dungeon.
             The game lasted 00:09:39 (4685 turns).

lorenzova the Conjurer (Deep Elf Conjurer)          Turns: 4685, Time: 00:09:39

Health: 0/32       AC:  2    Str:  4    XL:     6   Next: 85%
Magic:  6/17       EV: 12    Int: 25    God:
Gold:   137        SH:  0    Dex: 13    Spells: 15/18 levels left

rFire   . . .      SeeInvis .   s - +2 hand axe (elec)
rCold   . . .      Faith    .   (no shield)
rNeg    . . .      Spirit   .   a - +0 robe
rPois   .          Reflect  .   (no helmet)
rElec   .          Harm     .   (no cloak)
rCorr   .          Rampage  .   (no gloves)
Will    .....                   (no boots)
Stlth   ++........              (no amulet)
HPRegen 0.10/turn               (no ring)
MPRegen 0.15/turn               (no ring)

@: no status effects
A: no striking features
a: no special abilities


You were on level 4 of the Dungeon.
You visited 1 branch of the dungeon, and saw 4 of its levels.

You collected 192 gold pieces.
You spent 55 gold pieces at shops.

Inventory:

Hand Weapons
 s - a +2 hand axe of electrocution (weapon)
Missiles
 c - a throwing net
Armour
 a - a +0 robe (worn)
Jewellery
 q - a ring of resist corrosion
Scrolls
 f - a scroll of teleportation {unknown}
 g - a scroll of fog {unknown}
 h - 2 scrolls of summoning
 k - a scroll of amnesia {unknown}
 n - a scroll of fear {unknown}
 o - a scroll of noise {unknown}
 p - a scroll of identify
 r - a scroll of immolation {unknown}
Potions
 b - a potion of resistance {unknown}
 d - 2 potions of heal wounds
 e - a potion of invisibility
 i - a potion of curing {unknown}
 j - 2 potions of flight
 l - a potion of degeneration {unknown}
 m - a potion of might


   Skills:
 - Level 2.4 Dodging
 - Level 2.4 Stealth
 + Level 6.6 Spellcasting
 + Level 7.6 Conjurations


You had 15 spell levels left.
You knew the following spells:

 Your Spells              Type           Power      Damage    Failure   Level
a - Magic Dart            Conj           100%       1d8       1%          1
b - Searing Ray           Conj           92%        2d7       1%          2

Your spell library contained the following spells:

 Spells                   Type           Power      Damage    Failure   Level
 Dazzling Flash           Conj/Hex       54%        N/A       4%          3
 Ensorcelled Hibernation  Hex/Ice        16%        N/A       11%         2
 Passwall                 Tmut/Erth      6%         N/A       11%         2
 Fulminant Prism          Conj/Hex       13%        3d9       14%         4
 Iskenderun's Mystic Bla  Conj/Tloc      27%        2d7       14%         4
 Gell's Gravitas          Tloc           8%         N/A       22%         3
 Lesser Beckoning         Tloc           8%         N/A       22%         3
 Ozocubu's Armour         Ice            8%         N/A       22%         3
 Swiftness                Air            8%         N/A       22%         3
 Teleport Other           Tloc           8%         N/A       22%         3
 Agony                    Necr           8%         N/A       89%         5
 Silence                  Hex/Air        4%         N/A       89%         5
 Ozocubu's Refrigeration  Ice            4%         4d5       100%        7


Dungeon Overview and Level Annotations

Branches:
Dungeon (4/15)
 Temple: D:4-7

Altars:
Makhleb

Shops:
D:4 [!!


Message History

Unknown command.
You start resting.
An orc warrior comes into view. It is wielding a +0 short sword.
Casting: Searing Ray (safe; 1% risk of failure)
Confirm with . or Enter, or press ? or * to list all spells.
Aiming: Searing Ray (safe; 1% risk of failure)
Press: ? - help, Shift-Dir - straight line, f - orc warrior
Aim: an orc warrior, wielding a +0 short sword and wearing a +0 plate armour (82% to hit)
The searing ray hits the orc warrior.
The orc warrior is lightly wounded.
The searing ray misses the hound skeleton. (Press . to maintain the ray.)
The orc warrior closely misses you.
The searing ray hits the orc warrior.
The orc warrior is lightly wounded.
The searing ray hits the hound skeleton!
The hound skeleton is heavily damaged.
The orc warrior hits you with a +0 short sword!
The searing ray hits the orc warrior but does no damage.
The orc warrior is lightly wounded.
The searing ray hits the hound skeleton!
The hound skeleton is almost destroyed.
The orc warrior hits you with a +0 short sword!
The searing ray hits the orc warrior.
The orc warrior is moderately wounded.
The searing ray misses the hound skeleton.
You finish channelling your searing ray.
The orc warrior barely misses you.
Casting: Searing Ray (safe; 1% risk of failure)
Confirm with . or Enter, or press ? or * to list all spells.
Aiming: Searing Ray (safe; 1% risk of failure)
Press: ? - help, Shift-Dir - straight line, f/p - orc warrior
Aim: an orc warrior, wielding a +0 short sword and wearing a +0 plate armour (moderately wounded, 82% to hit)
The searing ray hits the orc warrior.
The orc warrior is heavily wounded.
The searing ray hits the hound skeleton!
You destroy the hound skeleton! (Press . to maintain the ray.)
The orc warrior hits you with a +0 short sword!
You die...

#...# #.....#.#...# #.#.#
##.#..#.###.# #.#.# .#
....#.#...# #.#.# # # #.##
#..#.#.### #.#.. #.#.
####...####...#.# #.##.
...##)..)....(##..#.### #.##.>
##.#..##)# ####........ #.#...
.......#o## ##.#..#######
..##.####.#..#..@.# #....##......
####.#.......###.## ##.#.##.###.#
#.....#....###..###..#<##.# #.#
#.....#....##....#...#.##.# #.#
#..................#.#.##.# #..
#....###.#.##.....####.##.#####
###....#.#.#.##....#.....##......
.......#...#.......#.############
.#######.###.#...#.#.#...........


You could see an orc warrior.

Vanquished Creatures
  A water moccasin (D:3)
  A hound (D:4)
  An orc priest (D:3)
  4 orc wizards
  A hound skeleton (D:4)
  Robin (D:2)
  4 gnolls (D:4)
  3 adders
  2 ufetubi (D:4)
  A worm (D:2)
  15 orcs
  7 ball pythons
  6 bats
  7 endoplasms
  5 giant cockroaches
  11 hobgoblins
  3 jackals (D:4)
  10 kobolds
  6 quokkas
  3 frilled lizards (D:1)
  12 goblins
  4 rats
108 creatures vanquished.

Notes
Turn   | Place    | Note
-------+----------+-------------------------------------------
     0 | D:1      | lorenzova the Deep Elf Conjurer began the quest for the
                  | Orb.
     0 | D:1      | Reached XP level 1. HP: 10/10 MP: 6/6
   199 | D:1      | Reached XP level 2. HP: 15/15 MP: 4/8
   202 | D:1      | Learned a level 2 spell: Searing Ray
   312 | D:1      | Reached skill level 5 in Conjurations
   918 | D:1      | Reached XP level 3. HP: 19/19 MP: 7/9
  1548 | D:2      | Found a faded altar of an unknown god.
  1975 | D:2      | Noticed Robin
  2057 | D:2      | Killed Robin
  2058 | D:2      | Reached XP level 4. HP: 18/24 MP: 4/11
  2710 | D:3      | Reached skill level 6 in Conjurations
  2751 | D:3      | Noticed a water moccasin
  2905 | D:3      | Killed a water moccasin
  2906 | D:3      | Reached skill level 5 in Spellcasting
  2906 | D:3      | Reached XP level 5. HP: 28/28 MP: 5/14
  3031 | D:3      | Found a burning altar of Makhleb.
  3188 | D:3      | Reached XP level 6. HP: 31/32 MP: 11/16
  3197 | D:3      | Reached skill level 7 in Conjurations
  4011 | D:4      | Found Hopiarot's Antique Armour Shoppe.
  4255 | D:4      | Found Loiprer's Distillery.
  4281 | D:4      | Found Ihaimagh's Distillery.
  4311 | D:4      | Bought a potion of heal wounds for 55 gold pieces
  4678 | D:4      | Noticed an orc warrior
  4685 | D:4      | Slain by an orc warrior

Illustrated notes

Levels and vault maps discovered:
D:1:      elethiomel_arrival_maze, layout_loops_cross, minmay_shallow_snake_nest
D:2:      layout_loops_ring, basic_ecumenical_altar, st_stairs_10, uniq_robin
D:3:      layout_rooms, lightli_temple_of_fire
D:4:      layout_basic, serial_shops, nicolae_lakefront_shop, shop,
          nicolae_square_shop, kennysheep_mini, nicolae_shop_advertising_works
          [nicolae_subvault_shop_adworks], minmay_fractal_squares_gapless_5

Skill      XL: |  1  2  3  4  5  6 |
---------------+-------------------+-----
Conjurations   | 5 6 7 |  7.6
Spellcasting   | 5 6 |  6.6
Dodging        | |  2.4
Stealth        | |  2.4

Action                   |  1- 3 |  4- 6 || total
-------------------------+-------+-------++-------
Melee: Short sword       |       |     1 ||     1
 Cast: Magic Dart        |    71 |    89 ||   160
       Searing Ray       |     2 |    13 ||    15
  Use: Scroll            |       |     3 ||     3
Armor: Robe              |       |     1 ||     1
Dodge: Dodged            |       |     9 ||     9

Table legend: (Time is in decaauts)
 A = Elapsed time spent in this place.
 B = Non-inter-level travel time spent in this place.
 C = Inter-level travel time spent in this place.
 D = Time resting spent in this place.
 E = Time spent auto-exploring this place.
 F = Levels seen in this place.
 G = Mean time per level.
                   A        B        C        D        E       F      G
               +--------+--------+--------+--------+--------+-----+--------+
         Total |   4682 |   4607 |     75 |   2044 |   2106 |   4 | 1170.5 |
       Dungeon |   4682 |   4607 |     75 |   2044 |   2106 |   4 | 1170.5 |
               +--------+--------+--------+--------+--------+-----+--------+

Top non-repeatable levels by time:
     D:2: 1510 daAuts
     D:1: 1173 daAuts
     D:4: 1042 daAuts
     D:3: 956 daAuts
